 Dungeon Crawl Stone Soup version 0.23-a0-29-g1be82e5 (webtiles) character file.

46 rgaf the Skirmisher (level 3, -2/22 HPs)
             Began as a Gargoyle Arcane Marksman on Aug 3, 2018.
             Slain by an adder (4 damage)
             ... on level 2 of the Dungeon.
             The game lasted 00:01:19 (1482 turns).

rgaf the Skirmisher (Gargoyle Arcane Marksman)      Turns: 1482, Time: 00:01:20

Health: -2/22      AC:  5    Str: 14    XL:     3   Next: 68%
Magic:  4/4        EV: 12    Int: 13    God:
Gold:   44         SH:  0    Dex: 10    Spells: 3/4 levels left

rFire    . . .     SeeInvis .   m - +0 short sword (freeze)
rCold    . . .     Gourm    .   (no shield)
rNeg     + . .     Faith    .   e - +0 robe
rPois    ∞         Spirit   .   (no helmet)
rElec    +         Reflect  .   (no cloak)
rCorr    +         Harm     .   (no gloves)
MR       .....                  (no boots)
Stlth    +.........             (no amulet)
HPRegen  0.07/turn              b - ring of resist corrosion
MPRegen  0.09/turn              (no ring)

@: hasted, very quick
A: negative energy resistance 1, electricity resistance, unbreathing,
petrification resistance, rot immunity, AC +3
a: no special abilities


You were on level 2 of the Dungeon.
You were hungry.

You visited 1 branch of the dungeon, and saw 2 of its levels.

You collected 44 gold pieces.

Inventory:

Hand Weapons
 a - a +0 shortbow
 c - a +0 dagger
 m - a +0 short sword of freezing (weapon)
Missiles
 d - 12 arrows
Armour
 e - a +0 robe (worn)
Jewellery
 b - a ring of resist corrosion (left hand)
Scrolls
 h - a scroll of blinking {unknown}
 i - a scroll of enchant weapon {unknown}
 k - a scroll of teleportation {unknown}
 l - a scroll of identify {unknown}
 n - a scroll of remove curse {unknown}
Potions
 j - a potion of lignification {unknown}
Comestibles
 f - a ration


   Skills:
 + Level 2.7 Fighting
 - Level 2.0 Bows
 + Level 2.3 Armour
 - Level 1.5 Dodging
 - Level 1.0 Spellcasting
 - Level 2.6 Hexes


You had 3 spell levels left.
You knew the following spells:

 Your Spells              Type           Power        Failure   Level  Hunger
a - Corona                Hex            #......      10%         1    ##.....

Your spell library contained the following spells:

 Spells                   Type           Power        Failure   Level  Hunger
 Cause Fear               Hex            #.........   67%         4    #####..
 Slow                     Hex            #.......     14%         2    ###....
 Portal Projectile        Hex/Tloc       #.....       43%         3    ####...
 Leda's Liquefaction      Hex/Erth       #.........   85%         4    #####..
 Inner Flame              Hex/Fire       #.......     43%         3    ####...


Dungeon Overview and Level Annotations

Branches:
Dungeon (2/15)

Altars:


Innate Abilities, Weirdness & Mutations

You are resistant to torment.
Your stone body is resilient. (AC +3)
You are immune to poison.
You resist negative energy. (rN+)
You are resistant to electric shocks. (rElec)
You can survive without breathing.
You are immune to petrification.
You are immune to rotting.


Message History

You barely miss the adder.
The adder is almost dead.
The adder bites you but does no damage. The adder bites you.
The adder barely misses you.
You are too injured to fight recklessly!
You barely miss the adder.
The adder is almost dead.
The adder bites you. x2
* * * LOW HITPOINT WARNING * * *
The adder bites you.
* * * LOW HITPOINT WARNING * * *
You are too injured to fight recklessly!
You hit the adder.
The adder seems to slow down.
You freeze the adder.
You kill the adder!
The adder bites you.
* * * LOW HITPOINT WARNING * * *
You are too injured to fight recklessly!
You aren't carrying any items that you can evoke.
It was a potion of haste.
You feel yourself speed up. The adder bites you.
You die...

# . .# #. . .#
#... .###.#.#.#
........
#......
##+#####S##.#
.......@....###
....#####.!...#
. #<...##.#
###.## #...
#####


You could see an adder.

Vanquished Creatures
  An adder (D:2)
  2 oozes (D:1)
  5 bats (D:1)
  A giant cockroach (D:1)
  A hobgoblin (D:1)
  3 jackals (D:1)
  3 frilled lizards (D:1)
  6 goblins (D:1)
  5 kobolds (D:1)
  2 rats (D:1)
29 creatures vanquished.

Notes
Turn   | Place    | Note
-------+----------+-------------------------------------------
     0 | D:1      | rgaf the Gargoyle Arcane Marksman began the quest for the Orb.
     0 | D:1      | Reached XP level 1. HP: 12/12 MP: 2/2
   242 | D:1      | Reached skill level 1 in Armour
   268 | D:1      | Reached XP level 2. HP: 17/17 MP: 3/3
  1005 | D:1      | Reached XP level 3. HP: 19/21 MP: 4/4
  1482 | D:2      | Slain by an adder

Vault maps used:
D:1:      erik_arrival_gehennom, kennysheep_decorative_pillar

Skill      XL: |  1  2  3 |
---------------+----------+-----
Armour         | 1 2 |  2.3
Fighting       | 2 |  2.7
Bows           | |  2.0
Dodging        | |  1.5
Spellcasting   | |  1.0
Hexes          | |  2.6

Action                   || total
-------------------------++-------
Melee: Short sword       ||    52
 Fire: Shortbow          ||    73
  Use: Potion            ||     1
 Stab: Sleeping          ||     1
  Eat: Chunk             ||     1
Armor: Robe              ||    34
Dodge: Dodged            ||    63

Table legend:
 A = Spawn XP
 B = Non-spawn XP
 C = Spawn XP percentage of total XP
 D = Spawn monster count
 E = Non-spawn monster count
 F = Spawn count percentage of total count
 G = Total turns spent on level
                    A         B        C        D         E        F      G
               +---------+---------+-------+---------+---------+-------+---------
         Total |       0 |      67 |   0.0 |       0 |      29 |   0.0 |  1482
               +---------+---------+-------+---------+---------+-------+---------
           D:1 |       0 |      53 |   0.0 |       0 |      28 |   0.0 |  1444
           D:2 |       0 |      14 |   0.0 |       0 |       1 |   0.0 |    38
               +---------+---------+-------+---------+---------+-------+---------
